[Event "8th Mersin Open 2024"]
[Site "Mersin"]
[Date "2024.11.11"]
[Round "2"]
[White "Ererdem, Gani Eren"]
[Black "Ebrahimi Herab, Hamidreza"]
[Result "1/2-1/2"]
[ECO "D72"]
[WhiteElo "2066"]
[BlackElo "2386"]
[Annotator "ChessBase"]
[PlyCount "139"]
[EventDate "2024.11.10"]
[EventType "swiss"]
[EventCountry "TUR"]
[SourceTitle "playchess.com"]
[Source "ChessBase"]
[SourceQuality "1"]
[TimeControl "5400+30"]

1. d4 Nf6 2. c4 g6 3. g3 Bg7 4. Bg2 d5 5. cxd5 Nxd5 6. e4 Nb6 7. Ne2 c5 8. d5 e6 9. O-O exd5 10. exd5 O-O 11. Nec3 Na6 12. Nd2 Bf5 13. Nde4 h6 14. d6 Re8 15. Bf4 g5 16. Be3 Qc8 17. h4 gxh4 18. Qh5 h3 19. Bxh6 Bg6 20. Qg5 Qf5 21. Bh1 Bd4 22. Qxf5 Bxf5 23. Bg5 Kg7 24. Rad1 Bg4 25. Rxd4 cxd4 26. Bf6+ Kg6 27. Bxd4 f5 28. Nf6 h2+ 29. Kg2 Re6 30. Nxg4 fxg4 31. Nb5 Nc4 32. Kxh2 Nxd6 33. Nxd6 Rxd6 34. Bxb7 Rad8 35. Be3 Kf5 36. b3 Nb4 37. Rc1 Nd5 38. Bxa7 R6d7 39. Bxd5 Rxa7 40. Bc4 Rxa2 41. Kg2 Rdd2 42. Rf1 Kg5 43. Be6 Ra6 44. Bc4 Rf6 45. Bg8 Kf5 46. Bc4 Kg5 47. Kg1 Rf8 48. Kg2 Rd6 49. Re1 Rh8 50. Re5+ Kg6 51. Re4 Kf5 52. Rf4+ Ke5 53. Rxg4 Rf8 54. Rg5+ Ke4 55. Rg7 Rd2 56. Re7+ Kf5 57. Re3 Kg5 58. Be2 Rb2 59. f4+ Kf5 60. Kf3 Kf6 61. g4 Rb8 62. g5+ Kg6 63. Bc4 Rf8 64. Re6+ Kg7 65. Re7+ Kh8 66. Kg3 Rb1 67. Re4 Rg1+ 68. Kh2 Rg4 69. Kh3 Rfxf4 70. Rxf4 1/2-1/2

[Event "8th Mersin Open 2024"]
[Site "Mersin"]
[Date "2024.11.11"]
[Round "2"]
[White "Khalili, Saeid"]
[Black "Pour Agha Bala, Amirreza"]
[Result "1-0"]
[ECO "A55"]
[WhiteElo "2066"]
[BlackElo "2483"]
[Annotator "RC"]
[PlyCount "111"]
[EventDate "2024.11.10"]
[EventType "swiss"]
[EventCountry "TUR"]
[SourceTitle "playchess.com"]
[Source "ChessBase"]
[SourceQuality "1"]
[TimeControl "5400+30"]

1. d4 d6 2. Nf3 Nf6 3. c4 Nbd7 4. Nc3 e5 5. e4 Be7 6. Be2 c6 7. O-O Qc7 8. h3 Nf8 9. Be3 Ng6 10. Re1 O-O 11. Qc2 Re8 12. a3 Bf8 13. d5 Bd7 14. Rac1 c5 15. b4 b6 16. Nd2 h6 17. Qb3 Nh7 18. Bg4 Bxg4 19. hxg4 Be7 20. Nf1 Nf6 21. bxc5 bxc5 22. f3 h5 23. gxh5 Nxh5 24. Rb1 Qd8 25. Ne2 Bh4 26. g3 Bg5 27. Kf2 Nf8 28. Bxg5 Qxg5 29. Qe3 Qd8 30. Rb5 Nd7 31. a4 a6 32. Rb7 Nhf6 33. Qc3 g6 34. Reb1 Kg7 35. Qd2 Rh8 36. Ng1 Rh5 37. Kg2 Nh7 38. Nh3 Nhf6 39. Nf2 Rh8 40. Ne3 Rh5 41. Nf1 Rh6 42. R1b2 Nh5 43. Rb1 Rh8 44. R1b2 Rb8 45. Rb1 Rxb7 46. Rxb7 Nhf6 47. Qc3 Re8 48. Ne3 Nh7 49. Ra7 Nb8 50. Qb3 Nf6 51. Neg4 Nfd7 52. Rb7 Qa5 53. Kf1 Qd8 54. Kg2 Qg5 55. Qe3 Qh5 56. Rb1 1-0

[Event "8th Mersin Open 2024"]
[Site "Mersin"]
[Date "2024.11.11"]
[Round "2"]
[White "Primbetov, Kazbek"]
[Black "Mammadova, Gulnar"]
[Result "1/2-1/2"]
[ECO "B12"]
[WhiteElo "2059"]
[BlackElo "2328"]
[Annotator "RC"]
[PlyCount "83"]
[EventDate "2024.11.10"]
[EventType "swiss"]
[EventCountry "TUR"]
[SourceTitle "playchess.com"]
[Source "ChessBase"]
[SourceQuality "1"]
[TimeControl "5400+30"]

1. e4 c6 2. d4 d5 3. e5 Bf5 4. h4 h5 5. Nf3 e6 6. c4 Nd7 7. Nc3 Ne7 8. Bg5 f6 9. Bf4 Ng6 10. Bg3 fxe5 11. dxe5 dxc4 12. Bxc4 Nb6 13. Be2 Nd5 14. Nd4 Bb4 15. O-O Bxc3 16. Nxf5 exf5 17. Bxh5 Nde7 18. bxc3 Qxd1 19. Bxd1 Nxh4 20. c4 O-O-O 21. f4 Nhg6 22. Bb3 c5 23. Bf2 b6 24. g3 Nf8 25. a4 Nc6 26. Bc2 g6 27. a5 Ne6 28. axb6 axb6 29. Ba4 Na5 30. Rfd1 Kc7 31. Bb5 Rxd1+ 32. Rxd1 Rd8 33. Ra1 Rd3 34. Kg2 g5 35. fxg5 Nxg5 36. Bxc5 Ne4 37. Bd6+ Nxd6 38. exd6+ Rxd6 39. Rf1 Rd4 40. Rxf5 Nxc4 41. Rf7+ Kd6 42. Rd7+ 1/2-1/2

[Event "8th Mersin Open 2024"]
[Site "Mersin"]
[Date "2024.11.11"]
[Round "2"]
[White "Turker, Esat Tuna"]
[Black "Sanz Wawer, Daniel"]
[Result "0-1"]
[ECO "E11"]
[WhiteElo "2050"]
[BlackElo "2254"]
[Annotator "RC"]
[PlyCount "70"]
[EventDate "2024.11.10"]
[EventType "swiss"]
[EventCountry "TUR"]
[SourceTitle "playchess.com"]
[Source "ChessBase"]
[SourceQuality "1"]
[TimeControl "5400+30"]

1. d4 Nf6 2. c4 e6 3. g3 d5 4. Nf3 Bb4+ 5. Bd2 Be7 6. Bg2 O-O 7. O-O c6 8. Qc2 Nbd7 9. b3 b6 10. Nc3 Ba6 11. e4 dxc4 12. Rfd1 Rc8 13. Bf4 Re8 14. Nd2 c5 15. d5 exd5 16. e5 Ng4 17. Re1 Bf8 18. Qf5 Ngxe5 19. Bxe5 Rxe5 20. Rxe5 g6 21. Qf4 Nxe5 22. Bxd5 Bg7 23. Re1 Qf6 24. Qxf6 Bxf6 25. Nce4 Bg7 26. bxc4 Rd8 27. Re3 b5 28. Nxc5 bxc4 29. Nxa6 Rxd5 30. Ne4 Nd3 31. Nc7 Rd8 32. Nb5 a6 33. Nbc3 f5 34. Nd2 Bxc3 35. Nxc4 Bd4 0-1

[Event "8th Mersin Open 2024"]
[Site "Mersin"]
[Date "2024.11.11"]
[Round "2"]
[White "Manas, Eren"]
[Black "Jinan Jomon"]
[Result "0-1"]
[ECO "B90"]
[WhiteElo "2043"]
[BlackElo "2342"]
[Annotator "RC"]
[PlyCount "92"]
[EventDate "2024.11.10"]
[EventType "swiss"]
[EventCountry "TUR"]
[SourceTitle "playchess.com"]
[Source "ChessBase"]
[SourceQuality "1"]
[TimeControl "5400+30"]

1. e4 c5 2. Nf3 d6 3. d4 cxd4 4. Nxd4 Nf6 5. Nc3 a6 6. a4 e5 7. Nf3 Be7 8. Bg5 Be6 9. Bxf6 Bxf6 10. Nd5 Nd7 11. Bc4 Rc8 12. Ba2 O-O 13. O-O g6 14. Qd2 Bg4 15. Ne1 Bg5 16. Ne3 Qb6 17. h3 Be6 18. Bxe6 fxe6 19. Rd1 Rc6 20. Nf3 Bf4 21. Qe2 Qxb2 22. Rb1 Qa3 23. Rxb7 Nc5 24. Ra7 Nxe4 25. Ng4 Nc3 26. Qe1 Qc5 27. Rb7 h5 28. Ngh2 e4 29. Nh4 Rf6 30. Kh1 d5 31. g3 Bh6 32. g4 d4 33. f4 exf3 34. gxh5 Qxh5 35. Ng4 Rf4 36. Qg3 Ne4 37. Nxh6+ Qxh6 38. Qxg6+ Qxg6 39. Nxg6 Ng3+ 40. Kg1 Nxf1 41. Nxf4 Ne3 42. Kf2 e5 43. Nh5 e4 44. a5 Rxc2+ 45. Kg3 Rg2+ 46. Kf4 f2 0-1

[Event "8th Mersin Open 2024"]
[Site "Mersin"]
[Date "2024.11.11"]
[Round "2"]
[White "Gulsoy, Mustafa Alpago"]
[Black "Schekachikhin, Maksim"]
[Result "1-0"]
[ECO "B22"]
[WhiteElo "2040"]
[BlackElo "2353"]
[Annotator "RC"]
[PlyCount "87"]
[EventDate "2024.11.10"]
[EventType "swiss"]
[EventCountry "TUR"]
[SourceTitle "playchess.com"]
[Source "ChessBase"]
[SourceQuality "1"]
[TimeControl "5400+30"]

1. e4 c5 2. d4 cxd4 3. c3 g6 4. cxd4 d5 5. Nc3 dxe4 6. Bc4 Nf6 7. Qb3 e6 8. d5 exd5 9. Nxd5 Be6 10. Nxf6+ Qxf6 11. Qxb7 Bxc4 12. Qc8+ Qd8 13. Qxc4 Bg7 14. Qxe4+ Qe7 15. Qxe7+ Kxe7 16. Bg5+ f6 17. Be3 Nc6 18. Ne2 Rhc8 19. O-O f5 20. Rab1 Rab8 21. Bc5+ Kf7 22. b4 a6 23. Rfd1 Rb7 24. Kf1 Ne5 25. Rd5 Nc4 26. Rc1 Ne5 27. g3 Nd7 28. a4 Bb2 29. Rb1 Bf6 30. Be3 Ne5 31. Rd6 Be7 32. Rxa6 Bxb4 33. Kg2 Nd3 34. Nf4 Ne1+ 35. Kh3 g5 36. Nd5 g4+ 37. Kh4 Nf3+ 38. Kh5 Rc4 39. Rf6+ Ke8 40. a5 f4 41. Bxf4 Rc5 42. Rf5 Rxa5 43. Rxb4 Rxd5 44. Re4+ 1-0

[Event "8th Mersin Open 2024"]
[Site "Mersin"]
[Date "2024.11.11"]
[Round "2"]
[White "Tavoosi Rad, Ramtin"]
[Black "Koksal, Ege"]
[Result "0-1"]
[ECO "A28"]
[WhiteElo "2038"]
[BlackElo "2316"]
[Annotator "RC"]
[PlyCount "100"]
[EventDate "2024.11.10"]
[EventType "swiss"]
[EventCountry "TUR"]
[SourceTitle "playchess.com"]
[Source "ChessBase"]
[SourceQuality "1"]
[TimeControl "5400+30"]

1. c4 e5 2. Nc3 Nf6 3. Nf3 Nc6 4. e4 Bb4 5. d3 d6 6. a3 Ba5 7. h3 O-O 8. Bg5 Bxc3+ 9. bxc3 Qe7 10. Be2 Nd8 11. Qd2 Ne6 12. Rb1 Nxg5 13. Qxg5 h6 14. Qh4 Re8 15. Nh2 b6 16. O-O Bd7 17. f4 exf4 18. Qxf4 Qe5 19. Qd2 Qg5 20. Qxg5 hxg5 21. Bf3 Rad8 22. Rfe1 Re5 23. Nf1 g4 24. hxg4 Nxg4 25. Bxg4 Bxg4 26. Ne3 Be6 27. Nd5 Rd7 28. Nf4 Ra5 29. Ra1 a6 30. Reb1 Rd8 31. a4 Kf8 32. Rb2 Ke7 33. Ne2 Rh8 34. Nd4 Rah5 35. Kf2 a5 36. Nxe6 fxe6 37. Rb5 Rh1 38. Rbb1 R1h5 39. Rf1 R8h6 40. Rae1 Rf6+ 41. Kg1 Rg6 42. Re3 Rhg5 43. Rf2 Rg3 44. Ref3 Rxf3 45. Rxf3 Rg5 46. Kf2 d5 47. cxd5 exd5 48. Rg3 Rxg3 49. Kxg3 b5 50. axb5 a4 0-1

[Event "8th Mersin Open 2024"]
[Site "Mersin"]
[Date "2024.11.11"]
[Round "2"]
[White "Golshaani, Taha"]
[Black "Abbasi Abeluie, Mohammad Mehdi"]
[Result "0-1"]
[ECO "B12"]
[WhiteElo "2026"]
[BlackElo "2218"]
[Annotator "RC"]
[PlyCount "78"]
[EventDate "2024.11.10"]
[EventType "swiss"]
[EventCountry "TUR"]
[SourceTitle "playchess.com"]
[Source "ChessBase"]
[SourceQuality "1"]
[TimeControl "5400+30"]

1. e4 c6 2. d4 d5 3. e5 c5 4. Nf3 cxd4 5. Qxd4 Nc6 6. Qf4 e6 7. Bd3 f6 8. Qh4 f5 9. Qg3 Qc7 10. h4 Nb4 11. Nc3 Ne7 12. Bd2 a6 13. O-O Nec6 14. Rfc1 Nxd3 15. cxd3 Qf7 16. Ne2 Be7 17. Bg5 Bd7 18. Nf4 Bb4 19. h5 h6 20. a3 Ba5 21. Bh4 O-O 22. Ng6 Rfc8 23. Rc2 Be8 24. Rac1 Qd7 25. Nf4 Kh7 26. Ng6 Bf7 27. b4 Bb6 28. Nf4 Qe8 29. Ne2 Bxh5 30. Qf4 Bxf3 31. Qxf3 g5 32. Bg3 f4 33. Bh2 Nxe5 34. Qh3 Rxc2 35. Rxc2 g4 36. Qh4 Bd8 37. Rc7+ Bxc7 38. Bxf4 Qf8 39. d4 Ng6 0-1

[Event "8th Mersin Open 2024"]
[Site "Mersin"]
[Date "2024.11.11"]
[Round "2"]
[White "Ucoluk, Umut"]
[Black "Odeev, Handszar"]
[Result "0-1"]
[ECO "B50"]
[WhiteElo "2019"]
[BlackElo "2264"]
[Annotator "RC"]
[PlyCount "94"]
[EventDate "2024.11.10"]
[EventType "swiss"]
[EventCountry "TUR"]
[SourceTitle "playchess.com"]
[Source "ChessBase"]
[SourceQuality "1"]
[TimeControl "5400+30"]

1. e4 c5 2. Nf3 d6 3. c3 Nf6 4. Be2 g6 5. O-O Bg7 6. Bb5+ Nc6 7. Re1 O-O 8. h3 Qb6 9. a4 e5 10. Bc4 Qd8 11. d3 d5 12. exd5 Nxd5 13. Nbd2 b6 14. Ne4 Na5 15. Ba2 Kh8 16. Rb1 Nc6 17. Qb3 Ndb4 18. Bg5 Qc7 19. cxb4 Be6 20. Qd1 Bxa2 21. Ra1 Nxb4 22. b3 f5 23. Nc3 e4 24. Nxa2 Nxd3 25. Rb1 Nxe1 26. Nxe1 f4 27. Qg4 h6 28. Qh4 Kh7 29. Rd1 Rae8 30. g3 fxg3 31. fxg3 Qf7 32. Ng2 Qxb3 33. Rd7 Rf7 34. Nc1 Qe6 35. Rxf7 Qxf7 36. Ne2 Qd5 37. Bf6 Qd1+ 38. Kh2 Qxe2 39. Bxg7 Kxg7 40. Qf4 Qf3 41. Qc7+ Qf7 42. Qd6 e3 43. Qd3 e2 44. Qc3+ Qf6 45. Qe1 Qf1 46. Qc3+ Kh7 47. Ne1 Rf8 0-1

[Event "8th Mersin Open 2024"]
[Site "Mersin"]
[Date "2024.11.11"]
[Round "2"]
[White "Mustafayev, Nihad"]
[Black "Ghanbarpour, Mahan"]
[Result "0-1"]
[ECO "D31"]
[WhiteElo "1961"]
[BlackElo "1803"]
[Annotator "RC"]
[PlyCount "182"]
[EventDate "2024.11.10"]
[EventType "swiss"]
[EventCountry "TUR"]
[SourceTitle "playchess.com"]
[Source "ChessBase"]
[SourceQuality "1"]
[TimeControl "5400+30"]

1. d4 d5 2. Nf3 e6 3. c4 a6 4. cxd5 exd5 5. Nc3 c6 6. Bf4 Bd6 7. Bg3 Ne7 8. e3 Bf5 9. Bd3 O-O 10. Bxf5 Nxf5 11. Qd3 Qc8 12. Na4 Bb4+ 13. Ke2 Qe6 14. a3 Be7 15. Nb6 Ra7 16. Rac1 Nd7 17. Nxd7 Qxd7 18. Qb3 Bd6 19. Rc2 Raa8 20. Qd3 Rfe8 21. Ne5 Qe6 22. b4 f6 23. Nf3 Bf8 24. Rb1 g5 25. a4 Qd7 26. b5 axb5 27. axb5 Ra3 28. Rc3 Ra2+ 29. Kf1 cxb5 30. Qxb5 Qxb5+ 31. Rxb5 Ra1+ 32. Ne1 Nxd4 33. Rxb7 Nf5 34. Rd3 d4 35. Rb5 dxe3 36. fxe3 Nxe3+ 37. Kf2 Ng4+ 38. Kf3 Nxh2+ 39. Bxh2 Raxe1 40. Rb6 Rf1+ 41. Kg3 f5 42. Rf6 Bg7 43. Rc6 Be5+ 44. Kh3 Rh1 45. g3 Bg7 46. Rd2 Rhe1 47. Rc7 R1e2 48. Rcd7 Bf6 49. Rxe2 Rxe2 50. g4 fxg4+ 51. Kg3 Be5+ 52. Kxg4 Rg2+ 53. Kf5 Bxh2 54. Kf6 h5 55. Kg6 Kf8 56. Kxh5 Bf4 57. Rb7 Rc2 58. Ra7 Ke8 59. Kg4 Rd2 60. Kf5 Rd5+ 61. Ke6 Re5+ 62. Kf6 Kd8 63. Rg7 Rd5 64. Ke6 Rd6+ 65. Kf5 Rd7 66. Rg6 Kc7 67. Ra6 Rd6 68. Ra4 Kc6 69. Ra8 Kd5 70. Re8 Kd4 71. Re4+ Kd3 72. Re8 Kd2 73. Kg4 Rd3 74. Re6 Rg3+ 75. Kf5 Re3 76. Ra6 Ke2 77. Ra1 Kf2 78. Kg4 Rg3+ 79. Kf5 Kf3 80. Ra2 Rg2 81. Ra1 g4 82. Rf1+ Kg3 83. Rxf4 Kh3 84. Kg5 Rg1 85. Rf8 g3 86. Rh8+ Kg2 87. Ra8 Rb1 88. Kf4 Rb3 89. Ra7 Kh2 90. Rh7+ Kg1 91. Rh3 Kf2 0-1

[Event "8th Mersin Open 2024"]
[Site "Mersin"]
[Date "2024.11.11"]
[Round "2"]
[White "Taavoni, Rahim"]
[Black "Gunasti, Latife Yade"]
[Result "1/2-1/2"]
[ECO "A42"]
[WhiteElo "1958"]
[BlackElo "1792"]
[Annotator "RC"]
[PlyCount "92"]
[EventDate "2024.11.10"]
[EventType "swiss"]
[EventCountry "TUR"]
[SourceTitle "playchess.com"]
[Source "ChessBase"]
[SourceQuality "1"]
[TimeControl "5400+30"]

1. d4 d6 2. c4 g6 3. Nc3 Bg7 4. e4 Nc6 5. Be3 e5 6. d5 Nce7 7. g4 f5 8. gxf5 gxf5 9. f3 Ng6 10. exf5 Bxf5 11. Bd3 N8e7 12. Ne4 O-O 13. Qc2 Qd7 14. O-O-O Nf4 15. Bxf4 exf4 16. Ng5 h6 17. Ne4 Ng6 18. Ne2 Nh4 19. Ng1 Qe7 20. Kb1 a5 21. Qf2 a4 22. a3 Rae8 23. Re1 Ng6 24. Ne2 Ne5 25. Nc1 c6 26. Qf1 Qc7 27. Rg1 Re7 28. c5 Bxe4 29. Bxe4 cxd5 30. Bxd5+ Kh8 31. cxd6 Qxd6 32. Qb5 Rd8 33. Be4 Qf6 34. Re2 Red7 35. Reg2 Nc6 36. Qh5 Rd2 37. Rxd2 Rxd2 38. Qe8+ Qf8 39. Qxf8+ Bxf8 40. Nd3 Bg7 41. Nxf4 Rxb2+ 42. Kc1 Rxh2 43. Rd1 Nd4 44. Ng6+ Kg8 45. Kb1 Kf7 46. Nf4 Bf8 1/2-1/2

[Event "8th Mersin Open 2024"]
[Site "Mersin"]
[Date "2024.11.11"]
[Round "2"]
[White "Yigit, Ahmet Yasir"]
[Black "Bassari, Senem Gul"]
[Result "1-0"]
[ECO "C58"]
[WhiteElo "1927"]
[BlackElo "1778"]
[Annotator "RC"]
[PlyCount "73"]
[EventDate "2024.11.10"]
[EventType "swiss"]
[EventCountry "TUR"]
[SourceTitle "playchess.com"]
[Source "ChessBase"]
[SourceQuality "1"]
[TimeControl "5400+30"]

1. e4 e5 2. Nf3 Nc6 3. Bc4 Nf6 4. Ng5 d5 5. exd5 Na5 6. Bb5+ c6 7. dxc6 bxc6 8. Qf3 Qc7 9. Bd3 Bg4 10. Qg3 O-O-O 11. Nc3 h5 12. f3 Be6 13. Nxe6 fxe6 14. b3 Nd5 15. Nxd5 exd5 16. Bb2 Bd6 17. O-O-O Kb8 18. Qh4 Rdf8 19. Rde1 d4 20. Be4 c5 21. d3 a6 22. Qh3 Rh6 23. Kb1 Qe7 24. Bc1 Rhh8 25. Bd5 Re8 26. Bd2 Qc7 27. Qf5 Nc6 28. Qe4 Ne7 29. Bc4 Ka7 30. h4 Nc6 31. g4 Na5 32. Bd5 Rb8 33. Qg6 Rbc8 34. Bxa5 Qxa5 35. Qxd6 Rh6 36. Qd7+ Rc7 37. Qd8 1-0

[Event "8th Mersin Open 2024"]
[Site "Mersin"]
[Date "2024.11.11"]
[Round "2"]
[White "Abdullah, Layth Ahmed"]
[Black "Bulut, Kemal"]
[Result "1/2-1/2"]
[ECO "D11"]
[WhiteElo "1920"]
[BlackElo "1769"]
[Annotator "NA RC"]
[PlyCount "72"]
[EventDate "2024.11.10"]
[EventType "swiss"]
[EventCountry "TUR"]
[SourceTitle "playchess.com"]
[Source "ChessBase"]
[SourceQuality "1"]
[TimeControl "5400+30"]

1. Nf3 d5 2. d4 Nf6 3. c4 c6 4. Qc2 g6 5. cxd5 cxd5 6. Nc3 Bg7 7. Bf4 Nc6 8. e3 O-O 9. a3 Qa5 10. Rc1 Nh5 11. Bg5 e5 12. dxe5 Nxe5 13. Nd4 Nc6 14. Nb3 Qc7 15. Be2 Bf5 16. Qd1 Nf6 17. Bxf6 Bxf6 18. Nxd5 Qe5 19. Nxf6+ Qxf6 20. Qd2 Rad8 21. Qc3 Qg5 22. Bf3 Rd3 23. Qc4 Ne5 24. Qb5 Nxf3+ 25. gxf3 Rfd8 26. Nd4 R3xd4 27. Qxb7 Rd3 28. f4 Rxe3+ 29. fxe3 Qh4+ 30. Kf1 Qh3+ 31. Qg2 Bd3+ 32. Kf2 Qxg2+ 33. Kxg2 Be4+ 34. Kg3 Bxh1 35. Rxh1 Rd2 36. Rb1 Re2 1/2-1/2

[Event "8th Mersin Open 2024"]
[Site "Mersin"]
[Date "2024.11.11"]
[Round "2"]
[White "Damya, Aydin"]
[Black "Avsar, Gediz"]
[Result "1-0"]
[ECO "E14"]
[WhiteElo "1798"]
[BlackElo "1926"]
[Annotator "RC"]
[PlyCount "115"]
[EventDate "2024.11.10"]
[EventType "swiss"]
[EventCountry "TUR"]
[SourceTitle "playchess.com"]
[Source "ChessBase"]
[SourceQuality "1"]
[TimeControl "5400+30"]

1. Nf3 c5 2. b3 d5 3. e3 Nf6 4. Bb2 e6 5. d4 Nc6 6. Bd3 Be7 7. O-O O-O 8. c4 b6 9. Nbd2 Bb7 10. Rc1 Rc8 11. Qe2 cxd4 12. Nxd4 Nxd4 13. Bxd4 dxc4 14. Nxc4 Qd5 15. f3 Rfd8 16. Rfd1 Qg5 17. a4 h5 18. f4 Qg4 19. Ne5 Qxe2 20. Bxe2 Ba3 21. Rxc8 Rxc8 22. Nc4 Be7 23. Bxf6 Bxf6 24. Bxh5 g6 25. Bf3 Ba6 26. Rd7 Bxc4 27. bxc4 Rxc4 28. Rxa7 Rc2 29. Rb7 Rb2 30. Bc6 g5 31. g3 gxf4 32. gxf4 Bh4 33. a5 Bf2+ 34. Kf1 Bxe3 35. a6 b5 36. a7 Bxa7 37. Rxa7 Rxh2 38. Be8 Kf8 39. Bxb5 Rh5 40. Bd3 Rh4 41. Ra4 e5 42. Ra8+ Ke7 43. fxe5 f6 44. exf6+ Kxf6 45. Kf2 Rh3 46. Be4 Ke5 47. Bf3 Kf4 48. Ra4+ Ke5 49. Ke3 Rh8 50. Ra5+ Kf6 51. Kf4 Rf8 52. Bg4 Kg7+ 53. Kg5 Rf7 54. Ra6 Re7 55. Be6 Rc7 56. Bd5 Re7 57. Rg6+ Kf8 58. Rg8# 1-0

[Event "8th Mersin Open 2024"]
[Site "Mersin"]
[Date "2024.11.11"]
[Round "2"]
[White "Ercan, Mehmet Fahri"]
[Black "Adiguzel, Hakan"]
[Result "1-0"]
[ECO "E81"]
[WhiteElo "1788"]
[BlackElo "1920"]
[Annotator "RC"]
[PlyCount "104"]
[EventDate "2024.11.10"]
[EventType "swiss"]
[EventCountry "TUR"]
[SourceTitle "playchess.com"]
[Source "ChessBase"]
[SourceQuality "1"]
[TimeControl "5400+30"]

1. d4 Nf6 2. c4 g6 3. f3 Bg7 4. e4 d6 5. Nc3 Nbd7 6. Be3 O-O 7. Qd2 c5 8. O-O-O cxd4 9. Bxd4 a6 10. Kb1 b5 11. g4 Nb6 12. h4 Nxc4 13. Bxc4 bxc4 14. h5 Rb8 15. hxg6 fxg6 16. Qh2 h6 17. e5 dxe5 18. Bxe5 Bd7 19. Bxb8 Qxb8 20. Qxb8 Rxb8 21. Nge2 Bc6 22. Nd4 Nd5 23. Nxc6 Nxc3+ 24. Kc2 Rxb2+ 25. Kxb2 Nxd1+ 26. Kc1 Nf2 27. Rf1 Nd3+ 28. Kd2 Kf7 29. Rb1 Nf4 30. Re1 c3+ 31. Kc2 Nd5 32. a3 g5 33. Nd8+ Ke8 34. Ne6 Bf6 35. Rh1 Nb6 36. Nc7+ Kd7 37. Nxa6 Nc4 38. a4 Nd2 39. Nc5+ Kc7 40. Ne4 Nxf3 41. Nxf6 exf6 42. Kxc3 Ne5 43. Rg1 Kc6 44. Rg3 Kc5 45. Rg1 Kb6 46. Kb4 Kc6 47. a5 Nd3+ 48. Kc3 Ne5 49. Rb1 Nxg4 50. a6 Ne3 51. a7 Nd5+ 52. Kd2 Nc7 1-0

[Event "8th Mersin Open 2024"]
[Site "Mersin"]
[Date "2024.11.11"]
[Round "2"]
[White "Salci, Aytug Celal"]
[Black "Tatlioglu, Ege"]
[Result "0-1"]
[ECO "E05"]
[WhiteElo "1777"]
[BlackElo "1910"]
[Annotator "RC"]
[PlyCount "152"]
[EventDate "2024.11.10"]
[EventType "swiss"]
[EventCountry "TUR"]
[SourceTitle "playchess.com"]
[Source "ChessBase"]
[SourceQuality "1"]
[TimeControl "5400+30"]

1. d4 Nf6 2. c4 e6 3. Nf3 d5 4. g3 Be7 5. Bg2 O-O 6. O-O dxc4 7. Qa4 a6 8. Qxc4 b5 9. Qc2 Bb7 10. Bd2 Be4 11. Qc1 Nc6 12. e3 Nb4 13. Bxb4 Bxb4 14. a3 Bd6 15. Nbd2 Bb7 16. Qc2 Rc8 17. e4 Be7 18. e5 Nd5 19. Ne4 Ba8 20. h4 h6 21. Rfd1 Qd7 22. Ne1 Rfd8 23. Nd3 a5 24. Ndc5 Qc6 25. Rac1 Qb6 26. Qe2 b4 27. Kh2 Bc6 28. Qg4 Be8 29. Re1 bxa3 30. bxa3 Qb2 31. Red1 Qxa3 32. Nb7 Ba4 33. Rf1 Re8 34. Ra1 Qb4 35. Nbc5 Bxc5 36. dxc5 Bc2 37. Rfe1 Bxe4 38. Bxe4 Qxc5 39. Kg2 c6 40. Rec1 Qb4 41. Rc4 Qb2 42. Re1 Red8 43. Qf3 Qa2 44. Rec1 Nb4 45. Bb1 Qd2 46. Kg1 Nd3 47. Qe4 Nxc1 48. Qh7+ Kf8 49. Qh8+ Ke7 50. Qxg7 Ne2+ 51. Kh2 Rg8 52. Qf6+ Ke8 53. Bh7 Rf8 54. Rc2 Qd1 55. Be4 Nd4 56. Rb2 Nb5 57. Rc2 Qd7 58. Qxh6 a4 59. Rd2 Qc7 60. Qe3 Rd8 61. Rc2 Nd4 62. Rc4 c5 63. Qa3 Qxe5 64. Qxa4+ Ke7 65. Bg2 Rh8 66. f4 Qe2 67. Qa7+ Kf6 68. Qxc5 Nf3+ 69. Kh3 Rd5 70. Qb4 Ng1+ 71. Kh2 Nf3+ 72. Kh3 Rd2 73. Qc3+ Nd4 74. Rxd4 Qxg2+ 75. Kg4 Rg8+ 76. Kh5 Qe2+ 0-1

[Event "8th Mersin Open 2024"]
[Site "Mersin"]
[Date "2024.11.11"]
[Round "2"]
[White "Mursalzade, Javad"]
[Black "Oz, Ege"]
[Result "0-1"]
[ECO "A90"]
[WhiteElo "1765"]
[BlackElo "1895"]
[Annotator "NA RC"]
[PlyCount "139"]
[EventDate "2024.11.10"]
[EventType "swiss"]
[EventCountry "TUR"]
[SourceTitle "playchess.com"]
[Source "ChessBase"]
[SourceQuality "1"]
[TimeControl "5400+30"]

1. d4 e6 2. c4 f5 3. Nf3 Nf6 4. g3 d5 5. Bg2 c6 6. O-O Bd6 7. b3 Qe7 8. Bb2 O-O 9. Qc1 Ne4 {[%emt 0:00:30] A90: Dutch Defence: Miscellaneous and Modern Stonewall (with ...Bd6).} 10. Ba3 Bxa3 11. Nxa3 Nd7 12. e3 g5 13. Rd1 Qf6 14. Qb2 g4 15. Ne1 h5 16. Bxe4 fxe4 17. Ng2 Qf7 18. Nf4 Nf6 19. Nc2 Nh7 20. Ne1 Ng5 21. Qe2 Bd7 22. b4 Kg7 23. h4 gxh3 24. Nxh5+ Kg8 25. Nf4 Qg7 26. Kh2 Rf5 27. Rab1 Raf8 28. c5 a6 29. Rb2 Be8 30. a4 R5f6 31. Rdd2 Rh6 32. Qf1 $17 Kh8 33. Qg1 Qf6 34. Qf1 Qg7 35. Qe2 Kg8 36. Qf1 Rhf6 37. Qe2 Rh6 38. Qf1 Bd7 39. Qe2 Nh7 40. Qd1 Nf6 41. Qc1 Ng4+ 42. Kh1 Kh8 43. Rdc2 Rg8 44. Qd2 Be8 45. Qe2 Bd7 46. Qf1 Qg5 47. Re2 e5 48. dxe5 Nxe5 49. Rb1 Rg7 50. Rd2 Kh7 51. b5 axb5 52. axb5 Bg4 53. b6 Qe7 54. Rc2 h2 55. Ra1 Qd7 56. Raa2 Nc4 57. Ra7 Qe7 58. Neg2 Bf3 59. Raa2 Qxc5 60. Rab2 Qa5 61. Rb1 Qa3 62. Qe1 Qe7 63. Ra2 Qd8 64. Qb4 Qe7 65. Qc3 Qf7 66. Ra8 Rf6 67. Qd4 Rxf4 68. exf4 Qh5 69. Qf6 Qh3 70. Qh4+ 0-1

[Event "8th Mersin Open 2024"]
[Site "Mersin"]
[Date "2024.11.11"]
[Round "2"]
[White "Yaglioglu, Batuhan Alp"]
[Black "Erkan, Naz"]
[Result "1-0"]
[ECO "C29"]
[WhiteElo "1599"]
[BlackElo "1542"]
[Annotator "NA RC"]
[PlyCount "86"]
[EventDate "2024.11.10"]
[EventType "swiss"]
[EventCountry "TUR"]
[SourceTitle "playchess.com"]
[Source "ChessBase"]
[SourceQuality "1"]
[TimeControl "5400+30"]

1. e4 e5 2. Nc3 Nf6 3. f4 d5 4. fxe5 Nxe4 5. Qf3 Nc6 6. Nxe4 Nd4 7. Qc3 dxe4 8. Ne2 c5 9. Ng3 Qh4 10. Bc4 Be7 11. O-O O-O 12. Bd5 Qg5 13. Bxe4 Qxe5 14. Qe3 Qg5 15. Qxg5 Bxg5 16. c3 Nc6 17. Bxc6 bxc6 18. d3 Bxc1 19. Raxc1 Rd8 20. Rcd1 Bg4 21. Rd2 Rd5 22. Rf4 Be6 23. Kf2 Rad8 24. Ke3 Re5+ 25. Re4 Rxe4+ 26. Nxe4 Bxa2 27. Nxc5 Bd5 28. b4 f6 29. c4 Bf7 30. Ra2 Ra8 31. Ra6 Be8 32. Ne6 Bd7 33. Nc7 Rb8 34. Rxa7 Rxb4 35. Na6 Ra4 36. Rxd7 Rxa6 37. Rc7 h6 38. Kd4 Kf8 39. Kc5 h5 40. Rxc6 Ra8 41. Rc7 Rd8 42. d4 g5 43. d5 Ke8 1-0

[Event "8th Mersin Open 2024"]
[Site "Mersin"]
[Date "2024.11.11"]
[Round "2"]
[White "Karatiken, Beray"]
[Black "Karabas, Beren Nisa"]
[Result "1-0"]
[ECO "D00"]
[WhiteElo "1594"]
[BlackElo "1546"]
[Annotator "NA RC"]
[PlyCount "123"]
[EventDate "2024.11.10"]
[EventType "swiss"]
[EventCountry "TUR"]
[SourceTitle "playchess.com"]
[Source "ChessBase"]
[SourceQuality "1"]
[TimeControl "5400+30"]

1. d4 d5 2. Bf4 Nf6 3. e3 e6 4. Nd2 Bd6 5. Bg3 c5 6. c3 Qc7 7. Ngf3 Nbd7 8. Bd3 b6 9. e4 Bxg3 10. hxg3 dxe4 11. Nxe4 Bb7 12. Nxf6+ Nxf6 13. Bb5+ Ke7 14. O-O a6 15. Bd3 c4 16. Bc2 Rhd8 17. Ne5 Kf8 18. Qe2 Rac8 19. g4 Nd7 20. f4 Nxe5 21. fxe5 Kg8 22. g5 g6 23. Rf4 Qe7 24. Qg4 Rd7 25. Raf1 Bd5 26. Qg3 Kg7 27. Qh4 Rh8 28. Qh6+ Kg8 29. Rh4 Rd8 30. Kh2 Qf8 31. Bxg6 Qxh6 32. Bxf7+ Kf8 33. gxh6 Ke7 34. Rg4 Rdf8 35. Rg7 Kd8 36. Rf6 a5 37. g4 b5 38. g5 a4 39. a3 Kc8 40. Kg3 Rd8 41. Bxe6+ Bxe6 42. Rxe6 Rd7 43. Ra6 Rb7 44. Ra8+ Rb8 45. Rxb8+ Kxb8 46. e6 Kc8 47. d5 Kb8 48. e7 Kc8 49. Rxh7 Rxh7 50. e8=Q+ Kc7 51. Qe5+ Kb6 52. Qg7 Rxg7 53. hxg7 b4 54. g8=Q bxc3 55. bxc3 Ka5 56. Kf4 Kb5 57. Ke5 Kc5 58. Qc8+ Kb6 59. Kd6 Ka5 60. Qb8 Ka6 61. Kc6 Ka5 62. Qa7# 1-0